 Dungeon Crawl Stone Soup version 0.30-a0-341-g682706514a (webtiles) character file.

Game seed: 13329349132158462046

261 LnG the Sneak (level 6, 0/34 HPs)
             Began as a Kobold Summoner on Nov 1, 2022.
             Killed by divine providence
             ... invoked by an orc priest
              (10 damage)
             ... on level 4 of the Dungeon.
             The game lasted 00:09:38 (3394 turns).

LnG the Sneak (Kobold Summoner)                     Turns: 3394, Time: 00:09:39

Health: 0/34       AC:  3    Str:  5    XL:     6   Next: 41%
Magic:  7/10       EV: 16    Int: 19    God:
Gold:   164        SH:  0    Dex: 21    Spells: 4/10 levels left

rFire   + . .      SeeInvis .    t - +6 war axe of Hatred {vorpal, rC+ Will+}
rCold   + + .      Faith    .    (no shield)
rNeg    . . .      Spirit   .    a - +0 robe
rPois   .          Reflect  .    (no helmet)
rElec   .          Harm     .    p - scarf {rC+ rF+}
rCorr   .          Rampage  .    q - +0 pair of gloves
Will    +....                    (no boots)
Stlth   +++++.....               (no amulet)
HPRegen 0.25/turn                j - +6 ring of dexterity
MPRegen 0.12/turn                (no ring)

@: no status effects
A: small, no large weapons, nightstalker 3
a: no special abilities


You were on level 4 of the Dungeon.
You visited 1 branch of the dungeon, and saw 5 of its levels.
You also visited: Ossuary.

You collected 164 gold pieces.

Inventory:

Hand Weapons
 h - a +0 short sword of holy wrath
 m - a +0 triple sword
 t - the +6 war axe of Hatred (weapon) {vorpal, rC+ Will+}
   (You found it on level 4 of the Dungeon)

   It inflicts extra damage upon your enemies.
   rC:        It protects you from cold.
   Will:      It increases your willpower.
Missiles
 e - a throwing net
Armour
 a - a +0 robe (worn)
 p - a scarf of resistance (worn)
 q - a +0 pair of gloves (worn)
 u - a +0 cloak
Jewellery
 j - a +6 ring of dexterity (left hand)
Scrolls
 f - a scroll of teleportation
 l - a scroll of enchant weapon {unknown}
 o - 2 scrolls of immolation
 r - 2 scrolls of identify {unknown}
Potions
 b - a potion of magic
 c - 3 potions of degeneration {unknown}
 d - a potion of ambrosia {unknown}
 g - a potion of attraction {unknown}
 i - a potion of curing {unknown}
 k - 2 potions of resistance {unknown}
 n - a potion of heal wounds {unknown}
 s - a potion of might {unknown}


   Skills:
 + Level 1.0 Fighting
 + Level 3.0 Short Blades
 + Level 0.2 Axes
 * Level 3.6 Dodging
 * Level 6.0 Stealth
 + Level 2.6 Spellcasting
 + Level 4.6 Summonings


You had 4 spell levels left.
You knew the following spells:

 Your Spells              Type           Power      Damage    Failure   Level
a - Summon Small Mammal   Summ           80%        N/A       2%          1
b - Call Imp              Summ           20%        N/A       3%          2
c - Call Canine Familiar  Summ           20%        N/A       7%          3

Your spell library contained the following spells:

 Spells                   Type           Power      Damage    Failure   Level
 Apportation              Tloc           4%         N/A       16%         1
 Necrotise                Necr           8%         1d4       16%         1
 Summon Guardian Golem    Hex/Summ       11%        N/A       19%         3
 Summon Lightning Spire   Summ/Air       11%        N/A       52%         4


Dungeon Overview and Level Annotations

Branches:
Dungeon (5/15)            Ossuary (visited)
 Temple: D:4-7

Altars:


Innate Abilities, Weirdness & Mutations

You are small and have problems with some larger weapons.
You are completely attuned to the shadows.


Message History

The orc hits you with a +0 dagger.
You slash the orc wizard!
The orc wizard is heavily wounded.
You closely miss the orc.
Your hound bites the orc priest but does no damage.
The orc wizard hits you with a +0 dagger.
The orc priest hits your hound with a +0 mace.
The orc hits you with a +0 dagger.
Your hound bites the orc priest.
You closely miss the orc wizard.
The orc wizard is heavily wounded.
You barely miss the orc.
Your hound barely misses the orc priest.
The orc wizard misses you. The orc misses you.
Your hound bites the orc priest but does no damage.
The orc wizard hits you with a +0 dagger.
The orc completely misses you.
The orc priest mumbles some strange prayers to Beogh against you.
You resist with some effort.
You closely miss the orc wizard.
The orc wizard is heavily wounded.
You barely miss the orc.
You hit the orc priest but do no damage.
Your hound bites the orc priest but does no damage.
Your hound bites the orc priest.
The orc wizard hits you with a +0 dagger.
The orc hits you with a +0 dagger. The orc priest hits you with a +0 mace.
The orc attacks as you move away! The orc hits you with a +0 dagger.
* * * LOW HITPOINT WARNING * * *
Your hound closely misses the orc priest.
The orc priest mumbles some strange prayers to Beogh against you.
You resist with some effort.
Your hound bites the orc priest.
Unknown command.
You barely miss the orc priest.
The orc priest is almost dead.
You hit the orc but do no damage. You hit the orc wizard.
You kill the orc wizard!
Your hound bites the orc priest but does no damage.
The orc priest mumbles some strange prayers to Beogh against you.
Beogh smites you!
You die...

#..# ###..#######
...........#
###..#####.# #..#
#.# #..#####'###
.# #..........#
#.#
#.o.###....#####'#
#@o........'......
#h)..##....###....
#..<..#....# #....
###.....######
##### ........###
#. .... ........'.
#.. ....
..oo#...##
##.######
....#...#
#>......)
...o#...#
#.....###


You could see an orc priest (ally target), an orc and a friendly hound
(summoned).

Vanquished Creatures
  A scorpion (D:4)
  An orc wizard (D:4)
  A mummy (D:5)
  An adder (D:2)
  A white imp (D:5)
  A worm (D:3)
  3 dart slugs
  7 orcs
  3 endoplasms
  3 giant cockroaches
  9 hobgoblins
  5 jackals (D:2)
  6 quokkas
  5 ball pythons
  4 bats
  2 frilled lizards
  8 goblins
  5 kobolds
  9 rats
75 creatures vanquished.

Vanquished Creatures (collateral kills)
  A necrophage (D:5)
  A worm (D:2)
  A ball python (D:4)
  A hobgoblin (D:1)
  3 jackals (D:2)
  A frilled lizard (D:2)
  2 kobolds
  2 rats (D:2)
12 creatures vanquished.

Grand Total: 87 creatures vanquished

Notes
Turn   | Place    | Note
-------+----------+-------------------------------------------
     0 | D:1      | LnG the Kobold Summoner began the quest for the Orb.
     0 | D:1      | Reached XP level 1. HP: 10/10 MP: 3/3
   222 | D:1      | Reached XP level 2. HP: 11/15 MP: 5/5
   225 | D:1      | Learned a level 2 spell: Call Imp
   389 | D:1      | Reached skill level 3 in Stealth
   611 | D:1      | Reached XP level 3. HP: 19/19 MP: 6/6
   615 | D:1      | Learned a level 3 spell: Call Canine Familiar
  1146 | D:2      | Reached skill level 4 in Stealth
  1161 | D:2      | Reached XP level 4. HP: 24/24 MP: 4/7
  1206 | D:2      | Reached skill level 1 in Short Blades
  2056 | D:3      | You fall into a shaft and drop 2 floors!
  2056 | D:5      | Entered Level 5 of the Dungeon
  2091 | D:5      | Noticed a necrophage
  2161 | D:5      | Found a sand-covered staircase.
  2197 | Ossuary  | Entered an ossuary
  2217 | D:5      | Reached XP level 5. HP: 12/28 MP: 1/8
  2303 | D:5      | Reached skill level 5 in Stealth
  2611 | D:4      | Reached skill level 1 in Fighting
  2611 | D:4      | Reached XP level 6. HP: 34/34 MP: 9/9
  2720 | D:4      | Identified the +6 war axe of Hatred {vorpal, rC+ Will+}
  2970 | D:3      | Reached skill level 6 in Stealth
  3117 | D:3      | Found a faded altar of an unknown god.
  3394 | D:4      | Killed from afar by an orc priest

Illustrated notes

Levels and vault maps discovered:
D:1:      dpeg_arrival_round_c, layout_loops_cross, roderic_roman_lattice
D:2:      layout_loops_ring
D:3:      layout_rooms, shapermc_ecumenical_altar_notcrosses
D:4:      layout_basic
D:5:      layout_loops_cross, serial_shops, shop, enter_ossuary_5, uniq_duvessa

Skill      XL: |  1  2  3  4  5  6 |
---------------+-------------------+-----
Stealth        | 3 4 5 6 |  6.0
Short Blades   | 1 2 3 |  3.0
Dodging        | 3 |  3.6
Fighting       | 1 |  1.0
Axes           | |  0.2
Spellcasting   | |  2.6
Summonings     | |  4.6

Action                   |  1- 3 |  4- 6 || total
-------------------------+-------+-------++-------
Melee: Short sword       |   104 |   103 ||   207
       Unarmed           |    10 |       ||    10
       Punch             |     4 |     2 ||     6
       War axe           |       |    24 ||    24
 Cast: Summon Small Mamm |     4 |     2 ||     6
       Call Imp          |     3 |     2 ||     5
       Call Canine Famil |       |     5 ||     5
  Use: Scroll            |     2 |     1 ||     3
 Stab: Sleeping          |    12 |    19 ||    31
       Distracted        |       |     1 ||     1
Armor: Robe              |    17 |    15 ||    32
Dodge: Dodged            |    85 |    76 ||   161

Table legend: (Time is in decaauts)
 A = Elapsed time spent in this place.
 B = Non-inter-level travel time spent in this place.
 C = Inter-level travel time spent in this place.
 D = Time resting spent in this place.
 E = Time spent auto-exploring this place.
 F = Levels seen in this place.
 G = Mean time per level.
                   A        B        C        D        E       F      G
               +--------+--------+--------+--------+--------+-----+--------+
         Total |   3391 |   3350 |     41 |    243 |   2297 |   6 |  565.2 |
       Dungeon |   3377 |   3336 |     41 |    243 |   2297 |   5 |  675.4 |
       Ossuary |     14 |     14 |      0 |      0 |      0 |   1 |   14.0 |
               +--------+--------+--------+--------+--------+-----+--------+

Top non-repeatable levels by time:
     D:2: 1015 daAuts
     D:1: 814 daAuts
     D:3: 743 daAuts
     D:4: 556 daAuts
     D:5: 247 daAuts
 Ossuary: 14 daAuts
